 Dungeon Crawl Stone Soup version 0.30-a0-605-gb2882149bf (webtiles) character file.

Game seed: 15870841100224018703

145 wormed the Caller (level 5, -5/22 HPs)
             Began as a Felid Summoner on Jan 8, 2023.
             Shot with an arrow by a centaur (13 damage)
             ... on level 4 of the Dungeon.
             The game lasted 00:09:09 (3240 turns).

wormed the Caller (Felid Summoner)                  Turns: 3240, Time: 00:09:09

Health: -5/22      AC:  1    Str:  4    XL:     5   Next: 6%
Magic:  8/11       EV: 18    Int: 19    God:
Gold:   240        SH:  0    Dex: 16    Spells: 4/11 levels left
                                        Lives:  0   Deaths: 1

rFire   . . .      SeeInvis +    (weapon unavailable)
rCold   . . .      Faith    .    (shield unavailable)
rNeg    . . .      Spirit   .    (body armour unavailable)
rPois   .          Reflect  .    (helmet unavailable)
rElec   .          Harm     .    (cloak unavailable)
rCorr   .          Rampage  .    (gloves unavailable)
Will    .....                    (boots unavailable)
Stlth   ++                       (no amulet)
HPRegen 0.23/turn                (no ring)
MPRegen 0.12/turn                (no ring)

@: quick
A: very small, claws 1, fangs 3, see invisible, speed 1, shaggy fur 1, stealthy
paws, no weapons or thrown items, no armour, multi-lived
a: no special abilities


You were on level 4 of the Dungeon.
You visited 1 branch of the dungeon, and saw 4 of its levels.

You collected 240 gold pieces.

Inventory:

Wands
 r - a wand of digging (3)
Scrolls
 c - 2 scrolls of magic mapping
 g - 2 scrolls of enchant armour {unknown}
 h - a scroll of enchant weapon {unknown}
 i - 2 scrolls of amnesia {unknown}
 j - a scroll of noise {unknown}
 k - a scroll of silence {unknown}
 l - 2 scrolls of poison {unknown}
 n - a scroll of blinking {unknown}
 o - a scroll of immolation {unknown}
 q - a scroll of teleportation {unknown}
 u - a scroll of fear {unknown}
Potions
 a - 4 potions of magic
 b - a potion of mutation
 d - 2 potions of lignification
 e - 2 potions of attraction
 f - 2 potions of flight
 m - a potion of brilliance {unknown}
 p - a potion of curing {unknown}
 s - 3 potions of degeneration {unknown}
 t - a potion of might {unknown}


   Skills:
 + Level 1.4 Fighting
 + Level 3.4 Dodging
 - Level 2.6 Stealth
 + Level 3.5 Spellcasting
 * Level 3.6 Hexes
 + Level 5.2 Summonings


You had 4 spell levels left.
You knew the following spells:

 Your Spells              Type           Power      Damage    Failure   Level
a - Summon Small Mammal   Summ           92%        N/A       1%          1
b - Call Canine Familiar  Summ           23%        N/A       4%          3
c - Summon Guardian Gole  Hex/Summ       20%        N/A       7%          3

Your spell library contained the following spells:

 Spells                   Type           Power      Damage    Failure   Level
 Call Imp                 Summ           23%        N/A       2%          2
 Dazzling Flash           Conj/Hex       20%        N/A       21%         3
 Summon Lightning Spire   Summ/Air       13%        N/A       43%         4
 Silence                  Hex/Air        5%         N/A       88%         5
 Yara's Violent Unravell  Hex/Tmut       5%         3d4       88%         5
 Agony                    Necr           3%         N/A       99%         5
 Enfeeble                 Hex            8%         N/A       100%        7


Dungeon Overview and Level Annotations

Branches:
Dungeon (4/15)
 Temple: D:4-7

Altars:
Hepliaklqana


Innate Abilities, Weirdness & Mutations

You have sharp claws.
You have razor-sharp teeth.
You have supernaturally acute eyesight. (SInv)
You cover ground quickly. (Speed+)
You are covered in fur. (AC +1)
Your paws help you pounce on unaware monsters.
You are incapable of wielding weapons or throwing items.
You cannot wear armour.
You gain extra lives every three experience levels.


Message History

Your bat closely misses the jackal.
The jackal bites your hound.
The kobold throws a stone.
The stone hits your hound but does no damage.
Your hound bites the kobold.
The kobold dies!
The jackal misses your hound.
Your bat hits the jackal.
Your hound closely misses the jackal.
The jackal barely misses your hound.
Your hound bites the jackal.
The jackal dies!
Your guardian golem disappears in a puff of smoke!
Your bat disappears in a puff of smoke!
Your quokka disappears in a puff of smoke!
You now have 223 gold pieces (gained 17).
Found a stone staircase leading down.
You now have 240 gold pieces (gained 17).
A centaur comes into view.
The centaur shouts!
The centaur wields a +0 shortbow.
The centaur shoots an arrow.
The arrow hits you!
A centaur is nearby!
A centaur is nearby!
A centaur is nearby!
You swap places.
The centaur shoots an arrow.
The arrow closely misses your hound. The arrow completely misses you.
The centaur shoots an arrow.
The arrow hits your hound!
The centaur shoots an arrow.
The arrow hits you!
* * * LOW HITPOINT WARNING * * *
Your hound barely misses the centaur.
Something barely misses your hound. x2
Your hound bites the centaur but does no damage.
Something hits your hound. Something barely misses your hound.
Casting: Summon Small Mammal (safe; 1% risk of failure)
Confirm with . or Enter, or press ? or * to list all spells.
The spell is quite dangerous to miscast (7% risk of failure)!
Continue anyway?
A guardian golem appears, shielding your allies.
The centaur wields a +0 shortbow.
The centaur shoots an arrow.
The arrow hits you!
Ouch! That really hurt!
You die...

#..............#
#...........hc.#
#..............#
#..............#
#..............#
#..............#
#..............#
#.........†.9..#
#.............@#
#..............+
...........)..################
....########...[.............
.... #.†............... ..
#.......)......†..
#............)....
####+#####....##'# #....#...


You could see a centaur (ally target), a friendly guardian golem (summoned) and
a friendly hound (summoned, sheltered).

Vanquished Creatures
  An orc (D:4)
  2 giant cockroaches
  A goblin (D:2)
  2 hobgoblins
  2 jackals (D:4)
  A rat (D:1)
9 creatures vanquished.

Vanquished Creatures (collateral kills)
  Ijyb (D:3)
  2 gnolls (D:2)
  5 adders
  A worm (D:2)
  3 dart slugs
  10 orcs
  5 ball pythons
  5 bats
  8 endoplasms
  A giant cockroach (D:2)
  5 goblins
  4 hobgoblins
  7 jackals
  6 kobolds
  5 quokkas
  A frilled lizard (D:1)
  3 rats
72 creatures vanquished.

Vanquished Creatures (others)
  A scorpion (D:3)
  An orc (D:3)
2 creatures vanquished.

Grand Total: 83 creatures vanquished

Notes
Turn   | Place    | Note
-------+----------+-------------------------------------------
     0 | D:1      | wormed the Felid Summoner began the quest for the Orb.
     0 | D:1      | Reached XP level 1. HP: 7/7 MP: 4/4
   138 | D:1      | Reached XP level 2. HP: 4/11 MP: 1/6
   227 | D:1      | You fall into a shaft and drop 1 floor!
   450 | D:2      | Reached XP level 3. HP: 14/14 MP: 5/8
   474 | D:2      | Learned a level 3 spell: Call Canine Familiar
   954 | D:1      | Reached XP level 4. HP: 18/18 MP: 9/9
  1025 | D:1      | Learned a level 3 spell: Summon Guardian Golem
  1733 | D:2      | Reached skill level 1 in Hexes
  1747 | D:2      | Reached skill level 5 in Summonings
  2064 | D:3      | Noticed Ijyb
  2080 | D:3      | Killed Ijyb
  2081 | D:3      | Reached skill level 1 in Fighting
  2081 | D:3      | Reached XP level 5. HP: 22/22 MP: 7/10
  2236 | D:3      | Found a hazy altar of Hepliaklqana.
  2974 | D:4      | Killed from afar by an orc priest
  2975 | D:4      | Reached XP level 4. HP: -6/19 MP: 10/10
  3118 | D:4      | Reached XP level 5. HP: 22/22 MP: 11/11
  3223 | D:4      | Noticed a centaur
  3240 | D:4      | Shot with an arrow by a centaur

Illustrated notes

Levels and vault maps discovered:
D:1:      nzn_arrival_crosshair, layout_basic, minmay_misc_feat_room,
          reono_crystal_passage
D:2:      layout_basic
D:3:      layout_rooms, overflow_temple_1_default, dk_vineyard_3,
          solitary_fountain, kennysheep_generic_room_7, uniq_ijyb
D:4:      layout_gridville, uniq_grinder

Skill      XL: |  1  2  3  4  5 |
---------------+----------------+-----
Spellcasting   | 3 |  3.5
Hexes          | 2 3 |  3.6
Summonings     | 5 |  5.2
Fighting       | 1 |  1.4
Dodging        | 3 |  3.4
Stealth        | |  2.6

Action                   |  1- 3 |  4- 6 || total
-------------------------+-------+-------++-------
Melee: Unarmed           |    14 |    33 ||    47
       Bite              |     2 |     2 ||     4
       Punch             |       |     1 ||     1
 Cast: Summon Small Mamm |    34 |     9 ||    43
       Call Canine Famil |     7 |    20 ||    27
       Summon Guardian G |       |     9 ||     9
  Use: Scroll            |       |     5 ||     5
 Stab: Distracted        |       |     1 ||     1
Armor: Skin              |     2 |     1 ||     3
Dodge: Dodged            |    25 |    46 ||    71

Table legend: (Time is in decaauts)
 A = Elapsed time spent in this place.
 B = Non-inter-level travel time spent in this place.
 C = Inter-level travel time spent in this place.
 D = Time resting spent in this place.
 E = Time spent auto-exploring this place.
 F = Levels seen in this place.
 G = Mean time per level.
                   A        B        C        D        E       F      G
               +--------+--------+--------+--------+--------+-----+--------+
         Total |   2893 |   2819 |     74 |      0 |   1950 |   4 |  723.2 |
       Dungeon |   2893 |   2819 |     74 |      0 |   1950 |   4 |  723.2 |
               +--------+--------+--------+--------+--------+-----+--------+

Top non-repeatable levels by time:
     D:1: 907 daAuts
     D:3: 833 daAuts
     D:2: 811 daAuts
     D:4: 340 daAuts
